 Dungeon Crawl Stone Soup version 0.30.1-4-g462c640d31 (webtiles) character file.

Game seed: 6454577409445595145

1181 Cheops the Caller (level 8, 0/52 HPs)
             Began as a Merfolk Summoner on Sept 17, 2023.
             Slain by Edmund
             ... wielding a +2 heavy dire flail
              (18 damage)
             ... on level 5 of the Dungeon.
             The game lasted 00:27:03 (5021 turns).

Cheops the Caller (Merfolk Summoner)                Turns: 5021, Time: 00:27:03

Health: 0/52       AC:  6    Str: 12    XL:     8   Next: 42%
Magic:  9/14       EV: 12    Int: 16    God:
Gold:   204        SH:  5    Dex: 13    Spells: 5/15 levels left

rFire   + . .        a - +0 spear
rCold   + . .        (no shield)
rNeg    . . .        k - +2 leather armour {rC+}
rPois   .            l - +0 helmet of Experimentation {rF+}
rElec   .            (no cloak)
rCorr   .            (no gloves)
SInv    .            (no boots)
Will    .....        t - amulet of reflection
Stlth   ++           (no ring)
HPRegen 0.28/turn    (no ring)
MPRegen 0.14/turn

%: reflection
@: very slightly contaminated
A: (nimble swimmer 2), mertail, claws 1, strong 1, subdued magic 1
a: no special abilities


You were on level 5 of the Dungeon.
You visited 1 branch of the dungeon, and saw 7 of its levels.
You also visited: Sewer.

You collected 204 gold pieces.

Inventory:

Hand Weapons
 a - a +0 spear (weapon)
 b - a +0 dagger of venom
 w - a +1 demon blade of electrocution
Armour
 k - a +2 leather armour of cold resistance (worn)
 l - the +0 helmet of Experimentation (worn) {rF+}
   (You took it off Robin on level 2 of the Dungeon)

   rF:        It protects you from fire.
 q - an orb of guile
Jewellery
 t - an amulet of reflection (around neck)
Wands
 u - a wand of flame (22)
Scrolls
 c - 3 scrolls of teleportation
 d - 2 scrolls of poison
 e - 2 scrolls of fear
 f - a scroll of enchant armour
 g - 2 scrolls of blinking
 i - a scroll of enchant weapon
 m - 2 scrolls of amnesia
 r - a scroll of vulnerability
 s - a scroll of fog
Potions
 h - a potion of magic
 p - a potion of mutation
 v - 3 potions of heal wounds
 x - 2 potions of cancellation {unknown}
 z - a potion of curing


   Skills:
 - Level 2.0 Short Blades
 - Level 2.0 Polearms
 - Level 1.0 Armour
 - Level 3.0 Dodging
 - Level 2.1 Stealth
 - Level 4.0 Spellcasting
 - Level 7.0 Summonings
 + Level 4.9 Air Magic


You had 5 spell levels left.
You knew the following spells:

 Your Spells              Type           Power      Damage    Failure   Level
c - Call Canine Familiar  Summ           19%        N/A       2%          3
i - Call Imp              Summ           38%        N/A       1%          2
l - Summon Lightning Spi  Summ/Air       17%        N/A       16%         4
m - Summon Small Mammal   Summ           76%        N/A       1%          1

Your spell library contained the following spells:

 Spells                   Type           Power      Damage    Failure   Level
 Poisonous Vapours        Pois/Air       16%        N/A       10%         2
 Summon Guardian Golem    Hex/Summ       11%        N/A       13%         3
 Apportation              Tloc           4%         N/A       19%         1
 Necrotise                Necr           8%         1d4       19%         1
 Mephitic Cloud           Conj/Pois/Air  6%         N/A       28%         3
 Freezing Cloud           Conj/Ice/Air   3%         6-21      96%         5


Dungeon Overview and Level Annotations

Branches:
Dungeon (7/15)              Sewer (visited)
 Temple: D:4-7

Altars:
Dithmenos
Fedhas
Okawaru

Shops:
D:3 [   D:4 =

Annotations:
D:5 Edmund


Innate Abilities, Weirdness & Mutations

((You are very nimble when in or above water. (Stealth+, EV+, Speed+++)))
Your lower body shifts to a powerful aquatic tail in water.
You have sharp fingernails.
Your muscles are strong. (Str +4, Int/Dex -1)
Your spells are a little easier to cast, but a little less powerful.


Message History

As you read the scroll of identify, it crumbles to dust.
j - a scroll of noise Really read the scroll of noise?
As you read the scroll of noise, it crumbles to dust.
You hear a loud clanging noise!
You hear a shout!
As you read the scroll of identify, it crumbles to dust.
i - a scroll of enchant weapon
As you read the scroll of identify, it crumbles to dust.
f - a scroll of enchant armour
As you read the scroll of identify, it crumbles to dust.
m - 2 scrolls of amnesia
As you read the scroll of identify, it crumbles to dust.
g - 2 scrolls of blinking Your hound is no longer covered in acid.
As you read the scroll of identify, it crumbles to dust.
e - 2 scrolls of fear
As you read the scroll of identify, it crumbles to dust.
d - 2 scrolls of poison
As you read the scroll of identify, it crumbles to dust.
z - a potion of curing
Okay, then.
Okay, then.
Your cerulean imp disappears in a puff of smoke!
Edmund is nearby!
Your hound bites Edmund but does no damage.
Casting: Call Imp (safe; 1% risk of failure)
Confirm with . or Enter, or press ? or * to list all spells.
The spell is quite dangerous to miscast (16% risk of failure)!
Continue anyway?
You miscast Summon Lightning Spire.
You are very lightly contaminated with residual magic.
Electricity courses through your body!
* * * LOW HITPOINT WARNING * * *
Your hound bites Edmund. x2
Your hound closely misses Edmund.
Your hound bites Edmund.
Your hound bites Edmund.
Your hound barely misses Edmund.
Edmund attacks as you move away!
Edmund hits you with a +2 heavy dire flail!!
You die...

##.##.......# #....
###..........## #....
#........##.... ......
#.##.##.## .... ......
#.##.##.##...## ....##
#.#.............##.##
#.##.##h##..... ....
##.#....@# .###.#..#
#.......@# # #.#..###
#.....................
#.##.........#####..#####
#.##.###.....# #.......<.
#.##.# #.###.###.........
#.##.# #.# #........##.#.
#.##.###+###.#####.###.#.
#.##.##......#####.###.#.
#.##.##..................


You could see Edmund (ally target) and a friendly hound (summoned).

Vanquished Creatures
  Pargi (Sewer)
  An ice beast (D:4)
  2 phantoms (D:4)
  2 hounds (D:4)
  An orc priest (D:3)
  A sleepcap (D:4)
  5 adders
  3 river rats (D:4)
  A white imp (D:5)
  An ufetubus (D:5)
  A worm (D:3)
  4 orcs (D:3)
  2 ball pythons
  4 endoplasms
  6 giant cockroaches
  25 goblins
  3 hobgoblins
  2 jackals
  5 quokkas
  6 bats
  4 frilled lizards
  5 kobolds
  6 rats
91 creatures vanquished.

Vanquished Creatures (collateral kills)
  Sigmund (D:2)
  A water moccasin (D:5)
  An ogre (D:5)
  A scorpion (D:5)
  A jelly (D:5)
  An orc priest (D:3)
  A howler monkey zombie (D:3)
  Robin (D:2)
  4 adders
  An adder zombie (D:3)
  An orc (D:3)
  2 endoplasms
  A goblin (D:2)
  2 hobgoblins
  A jackal (D:1)
  4 ball pythons
  A ball python zombie (D:3)
  A frilled lizard (Sewer)
  A giant cockroach zombie (D:3)
  6 kobolds
  A quokka zombie (D:3)
  3 rats
37 creatures vanquished.

Grand Total: 128 creatures vanquished

Notes
Turn   | Place    | Note
-------+----------+-------------------------------------------
     0 | D:1      | Cheops the Merfolk Summoner began the quest for the Orb.
     0 | D:1      | Reached XP level 1. HP: 13/13 MP: 3/3
   143 | D:1      | Reached XP level 2. HP: 11/19 MP: 3/5
   672 | D:1      | Reached XP level 3. HP: 21/24 MP: 7/7
   675 | D:1      | Learned a level 2 spell: Call Imp
   679 | D:1      | Learned a level 3 spell: Call Canine Familiar
  1205 | D:2      | Identified the +0 helmet of Experimentation {rF+}
  1205 | D:2      | Noticed Robin
  1373 | D:2      | Killed Robin
  1374 | D:2      | Reached skill level 5 in Summonings
  1374 | D:2      | Reached XP level 4. HP: 30/30 MP: 2/8
  1420 | D:2      | Gained mutation: Your spells are a little easier to cast,
                  | but a little less powerful. [potion of mutation]
  1420 | D:2      | Gained mutation: You have sharp fingernails. [potion of
                  | mutation]
  1420 | D:2      | Gained mutation: Your muscles are strong. (Str +4, Int/Dex
                  | -1) [potion of mutation]
  1814 | D:2      | Noticed Sigmund
  1849 | D:2      | Killed Sigmund
  1850 | D:2      | Reached skill level 6 in Summonings
  1850 | D:2      | Reached skill level 1 in Armour
  1850 | D:2      | Reached skill level 1 in Polearms
  1850 | D:2      | Reached XP level 5. HP: 35/35 MP: 5/9
  1850 | D:2      | Reached XP level 6. HP: 41/41 MP: 5/10
  2080 | D:3      | Found Xaczock's Armour Emporium.
  2339 | D:3      | Found a shadowy altar of Dithmenos.
  2392 | D:3      | Learned a level 4 spell: Summon Lightning Spire
  2984 | D:3      | Found a faded altar of an unknown god.
  3169 | D:4      | Reached skill level 1 in Air Magic
  3176 | D:4      | Found an iron altar of Okawaru.
  3187 | D:4      | Reached XP level 7. HP: 41/46 MP: 13/13
  3380 | D:4      | Found a blossoming altar of Fedhas.
  3704 | D:4      | Found a glowing drain.
  3718 | Sewer    | Entered a sewer
  3776 | Sewer    | Noticed Pargi
  3797 | Sewer    | Killed Pargi
  3970 | D:4      | Found Qetwekk's Jewellery Emporium.
  3987 | D:4      | Reached XP level 8. HP: 36/52 MP: 9/14
  4372 | D:5      | Entered Level 5 of the Dungeon
  4421 | D:5      | Noticed Edmund
  4422 | D:5      | You fall into a shaft and drop 2 floors!
  4470 | D:5      | Reached skill level 7 in Summonings
  5021 | D:5      | Slain by Edmund

Illustrated notes

Levels and vault maps discovered:
D:1:      dpeg_arrival_pits, layout_rooms, serial_corexii_hall,
          corexii_hall_statues_s, corexii_hall_statues_x
D:2:      layout_rooms, uniq_robin, uniq_sigmund
D:3:      layout_rooms, nicolae_overflow_crystal_walls, serial_shops, shop,
          serial_undead, serial_undead_f, serial_undead_c, serial_undead_b,
          serial_undead_e, serial_undead_a, serial_undead_a,
          dreamdust_ecumenical_altar_sealed_demon, st_stairs_6
D:4:      layout_basic, kennysheep_mini_moat, mainiacjoe_overflow_alcove_1,
          serial_shops, shop, portal_sewer_entry_e
D:5:      layout_basic, uniq_edmund
D:6:      layout_loops_cross, uniq_menkaure
D:7:      layout_layer_cave, lemuel_temple_firewalk_a, corner_web_ring,
          uniq_pikel, uniq_duvessa, uniq_prince_ribbit1

Skill      XL: |  1  2  3  4  5  6  7  8 |
---------------+-------------------------+-----
Spellcasting   | 3 4 |  4.0
Summonings     | 5 6 7 |  7.0
Short Blades   | 2 |  2.0
Armour         | 1 |  1.0
Dodging        | 3 |  3.0
Polearms       | 1 2 |  2.0
Air Magic      | 1 4 |  4.9
Stealth        | |  2.1

Action                     |  1- 3 |  4- 6 |  7- 9 || total
---------------------------+-------+-------+-------++-------
  Melee: Short sword       |    52 |       |       ||    52
         Unarmed           |     3 |       |       ||     3
         Tailslap          |    10 |     1 |     1 ||    12
         Dagger            |    45 |   125 |    96 ||   266
         Spear             |    48 |    33 |    45 ||   126
         Punch             |       |     2 |     1 ||     3
   Cast: Summon Small Mamm |     8 |       |       ||     8
         Call Canine Famil |     2 |    11 |    17 ||    30
         Call Imp          |     1 |     1 |     7 ||     9
         Summon Lightning  |       |       |     1 ||     1
    Use: Potion            |       |     2 |       ||     2
         Scroll            |       |       |    13 ||    13
   Stab: Sleeping          |       |     4 |     4 ||     8
         Distracted        |       |     1 |     1 ||     2
 Armour: Robe              |    29 |       |       ||    29
         Leather armour    |    19 |    54 |    45 ||   118
  Dodge: Dodged            |   153 |    87 |    74 ||   314
  Block: Other             |       |     5 |    35 ||    40
